 Dungeon Crawl Stone Soup version 0.30.1-11-g7821555f0a (webtiles) character file.

Game seed: 3000645900460644895

24 Groucho the Vexing (level 3, -2/28 HPs)
             Began as a Gnoll Hexslinger on Nov 8, 2023.
             Succumbed to a goblin's poison
             ... on level 2 of the Dungeon.
             The game lasted 00:01:49 (946 turns).

Groucho the Vexing (Gnoll Hexslinger)                Turns: 946, Time: 00:01:49

Health: -2/28      AC:  2    Str:  9    XL:     3   Next: 2%
Magic:  7/7        EV: 11    Int: 12    God:
Gold:   47         SH:  7    Dex: 14    Spells: 6/7 levels left

rFire   . . .        a - +1 sling
rCold   . . .        l - +0 kite shield
rNeg    . . .        c - +0 robe
rPois   .            (no helmet)
rElec   .            (no cloak)
rCorr   .            (no gloves)
SInv    .            (no boots)
Will    .....        (no amulet)
Stlth   ++           (no ring)
HPRegen 0.24/turn    (no ring)
MPRegen 0.10/turn

%: no passive effects
@: lethally poisoned (-2 -> -20)
A: fangs 1, strong nose, distributed training
a: no special abilities


You were on level 2 of the Dungeon.
You visited 1 branch of the dungeon, and saw 2 of its levels.

You collected 47 gold pieces.

Inventory:

Hand Weapons
 a - a +1 sling (weapon)
 n - a +1 whip of holy wrath
Missiles
 h - 10 poisoned darts
Armour
 c - a +0 robe (worn)
 l - a +0 kite shield (worn)
 o - a +0 ring mail
Scrolls
 b - a scroll of poison
 j - a scroll of magic mapping {unknown}
 k - a scroll of enchant weapon {unknown}
 m - a scroll of teleportation {unknown}
 p - a scroll of vulnerability {unknown}
 q - a scroll of summoning {unknown}
Potions
 d - a potion of magic {unknown}
 e - 2 potions of mutation {unknown}
 f - 4 potions of curing {unknown}
 g - 2 potions of heal wounds {unknown}
 i - a potion of resistance {unknown}


   Skills:
 + Level 2.5 Fighting
 + Level 0.6 Short Blades
 + Level 0.6 Long Blades
 + Level 0.6 Axes
 + Level 0.6 Maces & Flails
 + Level 0.6 Polearms
 + Level 0.6 Staves
 + Level 4.5 Ranged Weapons
 + Level 0.6 Throwing
 + Level 0.6 Armour
 + Level 4.5 Dodging
 + Level 0.6 Stealth
 + Level 0.6 Shields
 + Level 0.6 Unarmed Combat
 + Level 2.8 Spellcasting
 + Level 0.4 Conjurations
 + Level 5.4 Hexes
 + Level 0.4 Summonings
 + Level 0.4 Necromancy
 + Level 0.4 Translocations
 + Level 0.4 Transmutations
 + Level 0.4 Fire Magic
 + Level 0.4 Ice Magic
 + Level 0.4 Air Magic
 + Level 0.4 Earth Magic
 + Level 0.4 Poison Magic
 + Level 0.8 Invocations
 + Level 0.6 Evocations


You had 6 spell levels left.
You knew the following spells:

 Your Spells              Type           Power      Damage    Failure   Level
a - Slow                  Hex            56%        N/A       17%         1

Your spell library contained the following spells:

 Spells                   Type           Power      Damage    Failure   Level
 Confusing Touch          Hex            14%        N/A       45%         3
 Kiss of Death            Conj/Necr      8%         2d6       77%         1
 Inner Flame              Hex/Fire       8%         N/A       80%         3
 Portal Projectile        Hex/Tloc       16%        N/A       80%         3
 Cause Fear               Hex            7%         N/A       86%         4
 Sublimation of Blood     Necr           2%         N/A       88%         2
 Wereblood                Tmut           2%         N/A       88%         2
 Dispel Undead            Necr           2%         3d7       100%        4
 Summon Hydra             Summ           1%         N/A       100%        7


Dungeon Overview and Level Annotations

Branches:
Dungeon (2/15)

Altars:

Annotations:
D:2 Robin


Innate Abilities, Weirdness & Mutations

You have very sharp teeth.
Your uncanny sense of smell can sniff out nearby items.
Your experience applies equally to all skills.


Message History

The goblin is severely wounded.
You hear a shout!
Robin of the Strong Arm comes into view.
They are wielding a +0 club.
The endoplasm quivers.
Robin shouts!
You shoot a sling bullet. The sling bullet hits the goblin.
You kill the goblin!
Robin throws the goblin at you! The goblin hits you but does no damage.
You are poisoned.
A goblin comes into view. It is wielding a +0 club.
A goblin comes into view. It is wielding a +0 dagger.
You have reached level 3!
Your experience leads to an increase in your attributes!
Increase (S)trength, (I)ntelligence, or (D)exterity?
You feel agile. x2
Unknown command.
Unknown command.
You shoot a sling bullet. The sling bullet hits the goblin.
The goblin is severely wounded.
You feel very sick.
A goblin comes into view. It is wielding a +0 dagger.
A hobgoblin comes into view.
The goblin hits you with a +1 dagger of venom.
You are more poisoned.
The goblin attacks as you move away! The goblin hits you but does no damage.
You feel very sick.
A goblin comes into view. It is wielding a +0 dagger.
Robin roars a battlecry!
The goblins go into a battle-frenzy!
The goblin hits you with a +1 dagger of venom.
You are more poisoned.
Unknown command.
* * * LOW HITPOINT WARNING * * *
You feel very sick.
The goblin hits you with a +1 dagger of venom.
* * * LOW HITPOINT WARNING * * *
You are more poisoned.
* * * LOW HITPOINT WARNING * * *
You feel very sick.
You die...

#.#...... #####.#......
######.....#......
########.......##.#......
#......'........#>'......
##.#####.......##.#......
#.# ##########.#######
#.########### #........#
#......@....# #........#
#########g#.###........#
#g....##...#####
#J######...# #g# #...#
#$# #...# #g# #####


.gg gg. You could see a goblin (strong).

Vanquished Creatures
  3 ball pythons
  2 endoplasms (D:1)
  A giant cockroach (D:1)
  6 goblins
  3 hobgoblins
  A quokka (D:1)
  A bat (D:1)
  A frilled lizard (D:1)
  A kobold (D:1)
  2 rats
21 creatures vanquished.

Notes
Turn   | Place    | Note
-------+----------+-------------------------------------------
     0 | D:1      | Groucho the Gnoll Hexslinger began the quest for the Orb.
     0 | D:1      | Reached XP level 1. HP: 17/17 MP: 4/4
   165 | D:1      | Reached XP level 2. HP: 23/23 MP: 5/5
   940 | D:2      | Noticed Robin
   942 | D:2      | Reached XP level 3. HP: 28/28 MP: 7/7
   946 | D:2      | Succumbed to a goblin's poison

Illustrated notes

Levels and vault maps discovered:
D:1:      minmay_arrival_cross, layout_basic, dk_noncrumbling_3,
          nicolae_figureground_pulse
D:2:      layout_basic, uniq_robin, uniq_crazy_yiuf_cottage

Action                     || total
---------------------------++-------
   Fire: Sling             ||    46
 Armour: Robe              ||     5
  Dodge: Dodged            ||     6
